 Dungeon Crawl Stone Soup version 0.28-a0-1038-g9c4cb82 (webtiles) character file.

Game seed: 17351490588110082830

160 GeorgeSoros the Sneak (level 5, -5/25 HPs)
             Began as a Spriggan Enchanter on Dec 8, 2021.
             Killed from afar by Natasha (6 damage)
             ... with a magic dart
             ... on level 2 of the Dungeon.
             The game lasted 00:10:15 (3220 turns).

GeorgeSoros the Sneak (Spriggan Enchanter)          Turns: 3220, Time: 00:10:15

Health: -5/25      AC:  5    Str:  6    XL:     5   Next: 17%
Magic:  8/10       EV: 18    Int: 17    God:
Gold:   63         SH:  0    Dex: 15    Spells: 7/9 levels left

rFire   . . .      SeeInvis +   a - +1 dagger (venom)
rCold   . . .      Faith    .   (shield restricted)
rNeg    . . .      Spirit   .   b - +1 robe
rPois   .          Reflect  .   e - +2 hat
rElec   .          Harm     .   (no cloak)
rCorr   .          Rampage  .   (gloves unavailable)
Will    .....                   (boots unavailable)
Stlth   +++.......              (no amulet)
HPRegen 0.08/turn               (no ring)
MPRegen 0.12/turn               (no ring)

@: very quick
A: very small, no large weapons, unfitting armour, see invisible, speed 3
a: no special abilities


You were on level 2 of the Dungeon.
You visited 1 branch of the dungeon, and saw 4 of its levels.

You collected 63 gold pieces.

Inventory:

Hand Weapons
 a - a +1 dagger of venom (weapon)
 f - a +1 dagger of electrocution
 g - a +1 dagger
Armour
 b - a +1 robe (worn)
 e - a +2 hat (worn)
Scrolls
 c - 2 scrolls of identify
 i - a scroll of enchant weapon {unknown}
Potions
 d - a potion of curing {unknown}
 h - 2 potions of might


   Skills:
 + Level 0.4 Fighting
 + Level 2.2 Short Blades
 + Level 3.7 Dodging
 + Level 6.3 Stealth
 - Level 2.6 Spellcasting
 + Level 4.8 Hexes
 + Level 0.6 Ice Magic


You had 7 spell levels left.
You knew the following spells:

 Your Spells              Type           Power      Damage    Failure   Level
a - Ensorcelled Hibernat  Hex/Ice        22%        N/A       9%          2

Your spell library contained the following spells:

 Spells                   Type           Power      Damage    Failure   Level
 Confusing Touch          Hex            18%        N/A       8%          3
 Tukima's Dance           Hex            18%        N/A       8%          3
 Dazzling Flash           Conj/Hex       20%        N/A       21%         3


Dungeon Overview and Level Annotations

Branches:
Dungeon (4/15)
 Temple: D:4-7

Altars:
Gozag

Annotations:
D:2 Natasha


Innate Abilities, Weirdness & Mutations

You are very small and have problems with some larger weapons.
You are too small for most types of armour.
You have supernaturally acute eyesight. (SInv)
You cover ground extremely quickly. (Speed+++)


Message History

Natasha completely misses you.
You barely miss Natasha.
Natasha is lightly wounded.
Natasha casts a spell at you.
You easily resist.
You hit Natasha.
Natasha looks as sick as possible!
Natasha is heavily wounded.
Natasha claws you but does no damage.
You feel a bit more experienced.
You have reached level 5!
You feel clever.
Natasha, Servant of Life and Death comes into view.
Casting: Ensorcelled Hibernation (safe; 9% risk of failure)
Confirm with . or Enter, or press ? or * to list all spells.
Aiming: Ensorcelled Hibernation (safe; 9% risk of failure)
Press: ? - help, Shift-Dir - straight line, f - Natasha
Aim: Natasha (chance to affect: 42%)
Okay, then.
Natasha casts a spell at you. The magic dart hits you!
Casting: Ensorcelled Hibernation (safe; 9% risk of failure)
Confirm with . or Enter, or press ? or * to list all spells.
Aiming: Ensorcelled Hibernation (safe; 9% risk of failure)
Press: ? - help, Shift-Dir - straight line, f - Natasha
Aim: Natasha (chance to affect: 42%) Natasha looks drowsy...
You are too injured to fight recklessly!
Natasha hisses angrily.
Natasha mewls in sadness.
Natasha barely misses you.
You barely miss Natasha. Natasha completely misses you.
You barely miss Natasha. Natasha claws you.
* * * LOW HITPOINT WARNING * * *
You hit Natasha but do no damage.
Natasha is poisoned.
Natasha claws you.
* * * LOW HITPOINT WARNING * * *
You hit Natasha but do no damage.
Natasha looks even sicker.
Okay, then.
Natasha stares at you and mumbles some strange words.
The magic dart hits you.
You die...

*#...###....#.......
*#.....)####..####>
#####......#.........
##...##...#........###
##..........#..........
#.......)....#.........
#............##<.......
#................†.....
##....@.....###........
##...##...)####....(..
###h....#..###.......
##...###.##....)......
####...>÷................
#....#..............#....
#.......<.[....#.#.##....
#####....................
##...................


You could see Natasha (very poisoned).

Vanquished Creatures
  Natasha (twice) (D:2)
  An orc wizard (D:4)
  4 adders
  A worm (D:2)
  6 orcs
  6 ball pythons
  A bat (D:2)
  An endoplasm (D:3)
  2 giant cockroaches (D:4)
  7 goblins
  2 quokkas
  2 frilled lizards (D:2)
  3 kobolds
  6 rats
44 creatures vanquished.

Notes
Turn   | Place    | Note
-------+----------+-------------------------------------------
     0 | D:1      | GeorgeSoros the Spriggan Enchanter began the quest for the
                  | Orb.
     0 | D:1      | Reached XP level 1. HP: 9/9 MP: 5/5
   641 | D:1      | Reached XP level 2. HP: 13/13 MP: 6/6
   644 | D:1      | Learned a level 2 spell: Ensorcelled Hibernation
  1306 | D:2      | Found a faded altar of an unknown god.
  1401 | D:2      | Noticed Natasha
  1662 | D:1      | Reached skill level 5 in Stealth
  1741 | D:2      | Killed Natasha
  1742 | D:2      | Reached XP level 3. HP: 16/16 MP: 0/8
  1848 | D:2      | You fall into a shaft and drop 2 floors!
  1895 | D:4      | Reached XP level 4. HP: 19/21 MP: 0/9
  2078 | D:3      | Found an opulent altar of Gozag.
  2787 | D:2      | Reached skill level 6 in Stealth
  3200 | D:2      | Noticed Natasha
  3209 | D:2      | Killed Natasha
  3210 | D:2      | Reached XP level 5. HP: 17/25 MP: 10/10
  3210 | D:2      | Noticed Natasha
  3218 | D:2      | HP: 1/25 [Natasha (6)]
  3220 | D:2      | Killed from afar by Natasha

Illustrated notes

Levels and vault maps discovered:
D:1:      heliophobic_arrival_ceremonial_halls, layout_basic
D:2:      layout_rooms, basic_ecumenical_altar, minmay_misc_feat_room,
          uniq_natasha
D:3:      layout_loops_ring, mainiacjoe_overflow_tiny_flanked,
          serial_bayou_pond_d
D:4:      layout_loops_ring, tgw_kikubaaqudgha, ebering_ghost_disaster_area,
          minmay_puff

Skill      XL: |  1  2  3  4 |
---------------+-------------+-----
Hexes          | 4 |  4.8
Dodging        | 3 |  3.7
Stealth        | 5 6 |  6.3
Short Blades   | 2 |  2.2
Fighting       | |  0.4
Spellcasting   | |  2.6
Ice Magic      | |  0.6

Action                   |  1- 3 |  4- 6 || total
-------------------------+-------+-------++-------
Melee: Dagger            |    44 |   128 ||   172
 Cast: Ensorcelled Hiber |    10 |     4 ||    14
  Use: Scroll            |     1 |     5 ||     6
       Potion            |       |     1 ||     1
 Stab: Sleeping          |     5 |     4 ||     9
       Distracted        |       |     3 ||     3
Armor: Robe              |     6 |    16 ||    22
Dodge: Dodged            |    32 |   104 ||   136

Table legend: (Time is in decaauts)
 A = Elapsed time spent in this place.
 B = Non-inter-level travel time spent in this place.
 C = Inter-level travel time spent in this place.
 D = Time resting spent in this place.
 E = Time spent auto-exploring this place.
 F = Levels seen in this place.
 G = Mean time per level.
                   A        B        C        D        E       F      G
               +--------+--------+--------+--------+--------+-----+--------+
         Total |   2521 |   2398 |    123 |    259 |   1570 |   4 |  630.2 |
       Dungeon |   2521 |   2398 |    123 |    259 |   1570 |   4 |  630.2 |
               +--------+--------+--------+--------+--------+-----+--------+

Top non-repeatable levels by time:
     D:1: 1598 daAuts
     D:2: 455 daAuts
     D:3: 288 daAuts
     D:4: 179 daAuts
